 Dungeon Crawl Stone Soup version 0.26-a0-491-g70697cc071 (webtiles) character file.

Game seed: 5049217448531542351

142 Devinter the Ducker (level 5, 0/38 HPs)
             Began as a Merfolk Transmuter on Aug 5, 2020.
             Succumbed to an orc wizard's poison
             ... on level 3 of the Dungeon.
             The game lasted 00:12:57 (2482 turns).

Devinter the Ducker (Merfolk Transmuter)            Turns: 2482, Time: 00:12:57

Health: 0/38       AC:  3    Str: 11    XL:     5   Next: 25%
Magic:  5/8        EV: 15    Int: 12    God:
Gold:   135        SH:  0    Dex: 15    Spells: 5/8 levels left

rFire    . . .     SeeInvis .     - Unarmed
rCold    . . .     Faith    .   (no shield)
rNeg     . . .     Spirit   .   a - +0 robe
rPois    .         Reflect  .   (helmet currently unavailable)
rElec    .         Harm     .   (no cloak)
rCorr    .                      m - +0 pair of gloves
MR       .....                  (boots currently unavailable)
Stlth    +.........             (no amulet)
HPRegen  0.12/turn              (no ring)
MPRegen  0.11/turn              (no ring)

@: mighty, lethally poisoned (0 -> -17), appendages (expiring), wereblooded,
lightly drained
A: change form in water, swift swim, stealthy swim, horns 2
a: End Transformation


You were on level 3 of the Dungeon.
You had grown temporary horns.
You visited 1 branch of the dungeon, and saw 3 of its levels.

You collected 135 gold pieces.

Inventory:

Hand Weapons
 c - a cursed -3 dagger
 o - a +0 whip of distortion
Missiles
 d - 46 stones
 f - 35 arrows
 i - 24 bolts
 k - 21 poisoned darts (quivered)
 n - 3 curare-tipped darts
 p - 4 boomerangs
Armour
 a - a +0 robe (worn)
 m - a +0 pair of gloves (worn)
Jewellery
 g - an uncursed ring of poison resistance
Scrolls
 b - 2 scrolls of teleportation {unknown}
 j - a scroll of amnesia {unknown}
 l - a scroll of remove curse {unknown}
Potions
 e - a potion of ambrosia {unknown}
 h - a potion of might


   Skills:
 - Level 2.0(1.9) Fighting
 + Level 4.7(4.6) Dodging
 - Level 4.0(3.9) Unarmed Combat
 - Level 2.0(1.9) Spellcasting
 + Level 4.6 Transmutations


You had 5 spell levels left.
You knew the following spells:

 Your Spells              Type           Power        Failure   Level
a - Beastly Appendage     Tmut           ##....       4%          1
b - Wereblood             Tmut           ##......     6%          2

Your spell library contained the following spells:

 Spells                   Type           Power        Failure   Level
 Spider Form              Tmut/Pois      #.........   30%         3
 Confusing Touch          Hex            #.......     63%         3
 Gell's Gravitas          Tloc           #.........   63%         3
 Ice Form                 Ice/Tmut       #.......     71%         4
 Petrify                  Tmut/Erth      #.......     71%         4
 Blade Hands              Tmut           ##........   73%         5
 Yara's Violent Unravell  Hex/Tmut       #.........   96%         5
 Metabolic Englaciation   Hex/Ice        #.........   100%        5


Dungeon Overview and Level Annotations

Branches:
Dungeon (3/15)

Altars:
Dithmenos


Innate Abilities, Weirdness & Mutations

You revert to your normal form in water.
You are very nimble and swift while swimming.
You are very stealthy in the water. (Stealth+)
You have a pair of horns on your head.


Message History

You completely miss the orc wizard.
The orc wizard is almost dead.
You howl as the wereblood boils in your veins!
You feel sick.
The orc wizard points at you and mumbles some strange words.
The magic dart hits you.
* * * LOW HITPOINT WARNING * * *
The orc wizard hits you with a +2 dagger of venom.
* * * LOW HITPOINT WARNING * * *
You are more poisoned.
You hit the orc wizard. You headbutt the orc wizard.
You kill the orc wizard!
You have reached level 5!
You feel stronger.
* * * LOW HITPOINT WARNING * * *
You feel sick.
A bat comes into view.
It was a potion of might.
You feel very mighty all of a sudden.
You die...

#...........#
........>##.#
#.#####.###.# #.#
#.# #.# #.#
##########.# #.#
###.###.......##.#
#.#
..b...).......##.#
#.#
....##@####..##.#
#.# . #.#
#..##.###.# #.#
#.........#
#.###...[..#####
#...'......#
#####......#
#......#####
####.......#
#.......#


You could see a bat.

Vanquished Creatures
  2 orc wizards (D:3)
  A gnoll (D:1)
  2 worms
  3 dart slugs
  2 leopard geckos
  6 orcs (D:3)
  5 giant cockroaches
  9 goblins
  5 hobgoblins
  A quokka (D:2)
  8 bats
  4 frilled lizards
  9 kobolds
  A rat (D:2)
58 creatures vanquished.

Notes
Turn   | Place    | Note
-------+----------+-------------------------------------------
     0 | D:1      | Devinter the Merfolk Transmuter began the quest for the
                  | Orb.
     0 | D:1      | Reached XP level 1. HP: 15/15 MP: 3/3
   337 | D:1      | Reached skill level 3 in Dodging
   337 | D:1      | Reached skill level 3 in Transmutations
   337 | D:1      | Reached XP level 2. HP: 9/21 MP: 3/5
   923 | D:1      | Reached skill level 2 in Fighting
   951 | D:1      | Reached XP level 3. HP: 27/27 MP: 4/6
   955 | D:1      | Learned a level 2 spell: Wereblood
  1027 | D:1      | Reached skill level 4 in Unarmed Combat
  1890 | D:2      | Reached XP level 4. HP: 29/33 MP: 5/7
  1938 | D:2      | Found a shadowy altar of Dithmenos.
  2174 | D:3      | Reached skill level 4 in Dodging
  2174 | D:3      | Reached skill level 4 in Transmutations
  2480 | D:3      | HP: 2/33 [orc wizard/+2 dagger of venom (6)]
  2481 | D:3      | Reached XP level 5. HP: 3/38 MP: 5/8
  2482 | D:3      | Succumbed to an orc wizard's poison

Illustrated notes

Levels and vault maps discovered:
D:1:      onia_arrival_mini_maze_b, layout_rooms
D:2:      layout_rooms, grunt_dithmenos_smoke
D:3:      layout_basic, tgw_trog, tgw_sif

Skill      XL: |  1  2  3  4 |
---------------+-------------+-----
Dodging        | 3 4 |  4.7
Transmutations | 3 4 |  4.6
Fighting       | 2 |  2.0
Unarmed Combat | 4 |  4.0
Spellcasting   | |  2.0

Action                   |  1- 3 |  4- 6 || total
-------------------------+-------+-------++-------
Melee: Unarmed           |   105 |    80 ||   185
       Headbutt          |    16 |     8 ||    24
       Punch             |     2 |       ||     2
Throw: Dart              |       |     3 ||     3
 Cast: Beastly Appendage |    21 |    10 ||    31
       Wereblood         |     1 |     2 ||     3
  Use: Potion            |       |     1 ||     1
 Stab: Sleeping          |       |     1 ||     1
Armor: Robe              |    16 |    11 ||    27
Dodge: Dodged            |    71 |    47 ||   118

Table legend: (Time is in decaauts)
 A = Elapsed time spent in this place.
 B = Non-inter-level travel time spent in this place.
 C = Inter-level travel time spent in this place.
 D = Time resting spent in this place.
 E = Time spent auto-exploring this place.
 F = Levels seen in this place.
 G = Mean time per level.
                   A        B        C        D        E       F      G
               +--------+--------+--------+--------+--------+-----+--------+
         Total |   2468 |   2448 |     20 |   1167 |    203 |   3 |  822.7 |
       Dungeon |   2468 |   2448 |     20 |   1167 |    203 |   3 |  822.7 |
               +--------+--------+--------+--------+--------+-----+--------+

Top non-repeatable levels by time:
     D:1: 1460 daAuts
     D:2: 663 daAuts
     D:3: 345 daAuts
